 Dungeon Crawl Stone Soup version 0.28-a0-479-g5baa6b73be (webtiles) character file.

Game seed: 17118575992458626422

15934 Dabor the Fighter (level 12, -2/65 HPs)
             Began as a Vine Stalker Berserker on Sept 18, 2021.
             Was a High Priest of Trog.
             Slain by a boulder beetle (44 damage)
             ... on level 12 of the Dungeon on Sept 19, 2021.
             The game lasted 00:21:27 (10264 turns).

Dabor the Fighter (Vine Stalker Berserker)         Turns: 10264, Time: 00:21:28

Health: -2/65      AC: 19    Str: 23    XL:     12   Next: 32%
Magic:  0/13       EV: 14    Int:  7    God:    Trog [*****.]
Gold:   1440       SH:  0    Dex: 16    Spells: 11/11 levels left

rFire   . . .      SeeInvis .   S - +4 battleaxe (flame)
rCold   . . .      Faith    .   (shield currently unavailable)
rNeg    . . .      Spirit   +   Z - +3 ring mail {rPois}
rPois   +          Reflect  .   p - +0 helmet
rElec   .          Harm     .   m - +1 cloak
rCorr   .          Rampage  .   G - +1 pair of gloves
Will    +....                   (no boots)
Stlth   +++.......              (no amulet)
HPRegen 1.20/turn               f - +4 ring of protection
MPRegen 0.13/turn               F - ring of poison resistance

@: on berserk cooldown, slowed, very slow
A: fangs 3, regeneration 1, magic shield, antimagic bite, no potion heal 2
a: Renounce Religion, Berserk, Trog's Hand, Brothers in Arms


You were on level 12 of the Dungeon.
You worshipped Trog.
Trog was extremely pleased with you.
You visited 1 branch of the dungeon, and saw 12 of its levels.

You collected 1570 gold pieces.
You spent 130 gold pieces at shops.

Inventory:

Hand Weapons
 L - the +3 war axe of Cruel Justice {venom, Int+5}
   (You found it on level 7 of the Dungeon)

   It poisons the flesh of those it strikes.
   Int:       It affects your intelligence (+5).
 S - a +4 battleaxe of flaming (weapon)
Missiles
 j - 17 poisoned darts (quivered)
 t - 7 boomerangs of dispersal
 K - 6 atropa-tipped darts
 M - 6 boomerangs
 U - 4 throwing nets
 X - 4 silver javelins
Armour
 m - a +1 cloak (worn)
 p - a +0 helmet (worn)
 G - a +1 pair of gloves (worn)
 Z - a +3 ring mail of poison resistance (worn)
Jewellery
 e - a ring of protection from cold
 f - a +4 ring of protection (left hand)
 k - a ring of protection from cold
 l - a +4 ring of evasion
 x - a ring of see invisible
 F - a ring of poison resistance (right hand)
 W - the amulet of the Four Winds {rN+ Will+++ Clar}
   (You found it on level 10 of the Dungeon)

   [amulet of nothing]

   rN:        It protects you from negative energy.
   Clar:      It protects you against confusion.
   Will:      It greatly increases your willpower.
Wands
 d - a wand of iceblast (5)
 O - a wand of mindburst (30)
 Q - a wand of acid (4)
Scrolls
 a - a scroll of holy word {unknown}
 n - 4 scrolls of enchant armour
 q - a scroll of teleportation
 u - a scroll of torment {unknown}
 v - 3 scrolls of magic mapping
 w - a scroll of silence {unknown}
 y - a scroll of brand weapon {unknown}
 z - 3 scrolls of immolation {unknown}
 A - a scroll of amnesia {unknown}
 D - 3 scrolls of enchant weapon {unknown}
 E - 10 scrolls of identify
 J - 2 scrolls of fear
 V - 2 scrolls of blinking
Potions
 b - a potion of might
 c - 2 potions of cancellation
 g - 2 potions of haste
 h - a potion of brilliance {unknown}
 i - 8 potions of curing
 o - a potion of magic
 r - a potion of degeneration
 s - a potion of berserk rage
 H - a potion of experience {unknown}
 I - 2 potions of mutation {unknown}
 N - 2 potions of heal wounds {unknown}
 P - a potion of flight {unknown}
 T - a potion of lignification {unknown}
Miscellaneous
 B - a phial of floods


   Skills:
 * Level 8.9 Fighting
 * Level 8.9 Axes
 + Level 5.3 Throwing
 * Level 7.8 Armour
 + Level 5.8 Dodging
 + Level 7.8 Stealth
 + Level 4.7 Evocations


You had 11 spell levels left.
You didn't know any spells.
Your spell library was empty.

Dungeon Overview and Level Annotations

Branches:
Dungeon (12/15)            Temple (0/1) D:5            Lair (0/6) D:9
    Orc (0/2) D:10

Altars:
Gozag
Kikubaaqudgha
Okawaru
Ru
Uskayaw
The Shining One
Beogh

Shops:
D:2 (   D:12 [!


Innate Abilities, Weirdness & Mutations

You have razor-sharp teeth.
Your natural rate of healing is unusually fast.
When hurt, damage is shared between your health and your magic reserves.
Your bite disrupts and absorbs the magic of your enemies.
Potions cannot restore your health.


Message History

The tengu warrior hits you with a +0 war axe.
The tengu warrior barely misses you.
The tengu warrior claws you but does no damage.
The tengu warrior blocks your attack.
Your bite misses the tengu warrior.
The tengu warrior is moderately wounded.
The tengu warrior closely misses you.
The tengu warrior pecks you but does no damage.
The tengu warrior claws you but does no damage.
You slice the tengu warrior!! You burn the tengu warrior.
You bite the tengu warrior.
You kill the tengu warrior!
Trog accepts your kill.
You are no longer berserk.
You are exhausted.
You feel yourself slow down.
You hit the boulder beetle but do no damage.
You bite the boulder beetle, but do no damage.
The boulder beetle is heavily wounded.
The boulder beetle barely misses you.
The boulder beetle stops rolling and uncurls.
The boulder beetle barely misses you.
You hit the boulder beetle but do no damage.
You bite the boulder beetle, but do no damage.
The boulder beetle is heavily wounded.
The boulder beetle barely misses you.
The boulder beetle bites you but does no damage.
You hit the boulder beetle. You burn the boulder beetle.
You bite the boulder beetle, but do no damage.
The boulder beetle is heavily wounded.
The boulder beetle bites you! x2
Okay, then.
As you read the scroll of fear, it crumbles to dust.
You assume a fearsome visage.
The boulder beetle looks frightened!
The boulder beetle leaps!
An acid dragon comes into view.
The boulder beetle seems to regain its courage.
The boulder beetle curls into a ball and begins rolling!
The boulder beetle hits you!!!
Ouch! That really hurt!
You die...

...................
...................
...................
........B..........
....<..............
#########..........
#########.#########
..........#############.
..........°°°○○B@....D..
#######..)#############.
#######...# ..........○
............
..........○.B
..............
.....<........#
...............


You could see a boulder beetle (rolling) and an acid dragon (asleep).

Vanquished Creatures
  Harold (D:10)
  2 two-headed ogres
  2 tengu warriors (D:12)
  Urug (D:10)
  A deep elf zephyrmancer (D:8)
  A cyclops (D:11)
  2 ugly things (D:12)
  A manticore (D:12)
  An unseen horror (D:10)
  A kobold demonologist (D:8)
  3 shadows
  A wyvern (D:9)
  9 yaks
  A steam dragon (D:9)
  3 vampire mosquitoes (D:10)
  4 water moccasins
  2 acid dragons
  11 orc warriors
  A sky beast (D:5)
  A hornet zombie (D:8)
  A necrophage (D:5)
  A black bear (D:6)
  3 ogres
  8 ice beasts
  5 centaurs
  2 kobold brigands
  2 phantoms
  2 bullfrogs
  A gnoll sergeant (D:9)
  2 wyvern zombies
  2 scorpions
  5 killer bees (D:6)
  5 electric eels (D:11)
  5 wights (D:8)
  2 howler monkeys
  7 centaur zombies
  4 hounds
  A bullfrog skeleton (D:6)
  A gnoll shaman (D:5)
  4 orc priests
  4 iguanas
  Crazy Yiuf (D:7)
  6 orc wizards
  Natasha (thrice) (D:2)
  A killer bee zombie (D:6)
  A howler monkey zombie (D:5)
  11 gnolls
  7 adders
  A shadow imp (D:7)
  3 ufetubi
  An adder skeleton (D:4)
  A worm (D:2)
  2 dart slugs
  95 orcs
  3 ball pythons
  7 bats
  4 endoplasms
  6 giant cockroaches
  3 goblins
  10 hobgoblins
  4 jackals
  A quokka (D:2)
  4 frilled lizards
  13 kobolds
  2 rats
306 creatures vanquished.

Vanquished Creatures (collateral kills)
  An orc priest (D:8)
  2 kobolds (D:8)
3 creatures vanquished.

Grand Total: 309 creatures vanquished

Notes
Turn   | Place    | Note
-------+----------+-------------------------------------------
     0 | D:1      | Dabor the Vine Stalker Berserker began the quest for the
                  | Orb.
     0 | D:1      | Reached XP level 1. HP: 11/11 MP: 2/2
   445 | D:1      | Reached XP level 2. HP: 16/16 MP: 3/3
  1109 | D:2      | Reached XP level 3. HP: 20/20 MP: 2/4
  1763 | D:2      | Found a faded altar of an unknown god.
  1992 | D:2      | Noticed Natasha
  1999 | D:2      | Killed Natasha
  2000 | D:2      | Gained mutation: Your natural rate of healing is unusually
                  | fast. [Vine Stalker growth]
  2000 | D:2      | Reached XP level 4. HP: 18/24 MP: 5/5
  2030 | D:2      | Found Yteunky's Antique Weapon Shoppe.
  2064 | D:2      | Reached ** piety under Trog
  2282 | D:2      | Noticed Natasha
  2293 | D:2      | Killed Natasha
  2294 | D:2      | Reached XP level 5. HP: 28/28 MP: 6/6
  2374 | D:2      | Noticed Natasha
  2382 | D:2      | Killed Natasha
  2549 | D:3      | Reached XP level 6. HP: 33/33 MP: 7/7
  3057 | D:4      | Reached skill level 1 in Stealth
  3137 | D:4      | Reached *** piety under Trog
  3142 | D:4      | Identified a scroll of acquirement
  3142 | D:4      | Acquired 614 gold pieces
  3212 | D:2      | Bought a glowing war axe for 130 gold pieces
  3400 | D:5      | Entered Level 5 of the Dungeon
  3435 | D:5      | Reached XP level 7. HP: 37/37 MP: 8/8
  3550 | D:5      | Reached skill level 1 in Throwing
  3714 | D:5      | Gained mutation: You have razor-sharp teeth. [Vine Stalker
                  | growth]
  3714 | D:5      | Reached XP level 8. HP: 30/42 MP: 5/9
  3787 | D:5      | Reached skill level 5 in Fighting
  3787 | D:5      | Reached skill level 5 in Axes
  3903 | D:5      | Reached XP level 9. HP: 42/47 MP: 10/10
  3968 | D:5      | Found a staircase to the Ecumenical Temple.
  4065 | D:5      | Reached skill level 1 in Evocations
  4428 | D:6      | Reached **** piety under Trog
  4463 | D:6      | Found an ancient bone altar of Kikubaaqudgha.
  4796 | D:6      | Found an opulent altar of Gozag.
  4830 | D:6      | Reached skill level 5 in Armour
  5268 | D:7      | Identified the +3 war axe of Cruel Justice {venom, Int+5}
  5874 | D:7      | Found a runed translucent door.
  5875 | D:7      | Noticed Crazy Yiuf
  5962 | D:7      | Reached skill level 5 in Stealth
  6011 | D:7      | Killed Crazy Yiuf
  6354 | D:8      | Reached XP level 10. HP: 53/53 MP: 7/11
  6417 | D:8      | Noticed a two-headed ogre
  6424 | D:8      | Killed a two-headed ogre
  6468 | D:8      | Reached ***** piety under Trog
  6468 | D:8      | Noticed a kobold demonologist
  6482 | D:8      | Killed a kobold demonologist
  6555 | D:8      | Noticed a deep elf zephyrmancer
  6562 | D:8      | Killed a deep elf zephyrmancer
  6860 | D:8      | Found a sacrificial altar of Ru.
  7366 | D:9      | Reached XP level 11. HP: 58/58 MP: 8/12
  7372 | D:9      | Reached skill level 5 in Dodging
  7396 | D:9      | Received a gift from Trog
  7561 | D:9      | Found a staircase to the Lair.
  7829 | D:10     | Entered Level 10 of the Dungeon
  7933 | D:10     | Found a hide-covered altar of Uskayaw.
  7999 | D:10     | Identified the +0 robe "Xapn" {rF+ rC+ Dex+3 Stlth+}
  8076 | D:10     | Found a staircase to the Orcish Mines.
  8186 | D:10     | Found the amulet of the Four Winds {rN+ Will+++ Clar}
  8225 | D:10     | Found a glowing golden altar of the Shining One.
  8225 | D:10     | Found an iron altar of Okawaru.
  8336 | D:10     | Noticed Urug
  8345 | D:10     | Killed Urug
  8566 | D:10     | Noticed Harold
  8579 | D:10     | Killed Harold
  9047 | D:11     | Noticed a two-headed ogre
  9060 | D:11     | Killed a two-headed ogre
  9093 | D:11     | Reached skill level 5 in Throwing
  9139 | D:11     | Reached XP level 12. HP: 65/65 MP: 13/13
 10139 | D:12     | Found Seatedd's Armour Shoppe.
 10211 | D:12     | Found Plog's Distillery.
 10238 | D:12     | Noticed a tengu warrior
 10241 | D:12     | Noticed a boulder beetle
 10248 | D:12     | Noticed a tengu warrior
 10249 | D:12     | Killed a tengu warrior
 10253 | D:12     | Killed a tengu warrior
 10264 | D:12     | Slain by a boulder beetle

Illustrated notes

Levels and vault maps discovered:
D:1:      dpeg_arrival_tiny_i, layout_loops_corners
D:2:      layout_basic, serial_shops, nicolae_diamond_shop,
          shapermc_ecumenical_altar_pompeii, uniq_natasha
D:3:      layout_rooms, nrook_campfire
D:4:      layout_cave_pools
D:5:      kennysheep_windowed_halls, layout_basic,
          minmay_temple_entry_antechambers, minmay_misc_feat_more_columns
D:6:      layout_loops_cross, kennysheep_little_box,
          nicolae_gozag_cash_rules_everything_around_me,
          kennysheep_generic_room_10
D:7:      layout_basic, uniq_crazy_yiuf_cottage
D:8:      layout_cave_pools, nicolae_ru_sacrificial_ziggurat, special_room
          [special_room_orc], kennysheep_pointless_box,
          chequers_serial_rivers_micro_a, guppyfry_early_elven_hall
D:9:      layout_roguey [special_room_orc], lair_entry_dummy
D:10:     layout_roguey [special_room_orc],
          nicolae_uskayaw_murder_on_the_dancefloor,
          gammafunk_temple_overflow_pools, orc_0_dummy, uniq_harold, uniq_urug
D:11:     layout_basic, gauntlet_entry_generic, chequers_serial_rivers_micro_b
D:12:     layout_long_grid, serial_shops, nicolae_shop_crystal,
          nicolae_shop_trees, shop, nicolae_take_the_stairs, fedhas_altar_2

Skill      XL: |  1  2  3  4  5  6  7  8  9 10 11 |
---------------+----------------------------------+-----
Fighting       | 3 4 5 6 7 8 |  8.9
Axes           | 3 4 5 6 7 8 |  8.9
Armour         | 2 3 4 5 6 7 |  7.8
Dodging        | 2 3 4 5 |  5.8
Stealth        | 1 2 3 5 6 7 |  7.8
Throwing       | 1 2 3 4 5 |  5.3
Evocations     | 2 3 4 |  4.7

Action                   |  1- 3 |  4- 6 |  7- 9 | 10-12 || total
-------------------------+-------+-------+-------+-------++-------
Melee: Hand axe          |    74 |   135 |       |       ||   209
       Bite              |    18 |    40 |    70 |   118 ||   246
       War axe           |       |    15 |   220 |   146 ||   381
       Battleaxe         |       |       |       |   171 ||   171
Throw: Dart              |       |       |       |     6 ||     6
Invok: Berserk           |     2 |     2 |     5 |    14 ||    23
       Brothers in Arms  |       |       |       |     1 ||     1
Evoke: Phial of floods   |       |       |     1 |       ||     1
  Use: Scroll            |       |     5 |     5 |     5 ||    15
 Stab: Sleeping          |       |       |     1 |     5 ||     6
Armor: Animal skin       |     3 |       |       |       ||     3
       Scale mail        |    40 |    77 |   135 |   156 ||   408
       Ring mail         |       |       |       |    47 ||    47
Dodge: Dodged            |    41 |   121 |   205 |   185 ||   552

Table legend: (Time is in decaauts)
 A = Elapsed time spent in this place.
 B = Non-inter-level travel time spent in this place.
 C = Inter-level travel time spent in this place.
 D = Time resting spent in this place.
 E = Time spent auto-exploring this place.
 F = Levels seen in this place.
 G = Mean time per level.
                   A        B        C        D        E       F      G
               +--------+--------+--------+--------+--------+-----+--------+
         Total |  10642 |   9883 |    759 |   1478 |   6093 |  12 |  886.8 |
       Dungeon |  10642 |   9883 |    759 |   1478 |   6093 |  12 |  886.8 |
               +--------+--------+--------+--------+--------+-----+--------+

Top non-repeatable levels by time:
     D:2: 1504 daAuts
    D:11: 1251 daAuts
     D:1: 1105 daAuts
    D:10: 1060 daAuts
     D:5: 1059 daAuts
     D:7: 979 daAuts
     D:8: 914 daAuts
     D:6: 889 daAuts
     D:9: 664 daAuts
     D:4: 480 daAuts
     D:3: 477 daAuts
    D:12: 253 daAuts
